cohdb
Replays
Latest Replays
All Replays
Popular Replays
Top Player Replays
Match Explorer
How It Works
Community
CoH3 Stats
Reddit
Sign in to upload your games and track your stats! →
Sign in with Steam
Match 40055743
Unlisted
Match 40055743
Overview
Messages
Build Orders
End
Construct Infanterie Kompanie
Selects Breakthrough Battlegroup
GrW 34 Mortar Team
Grenadier Squad
Grenadier Squad
MG 42 Machine Gun Team
Construct Panzergrenadier Kompanie
Pak 40 Anti-tank Gun Team
251 Medium Carrier
Selects Assault Grenadiers
Selects Smoke Bombing Run
Panzergrenadier Squad
Panzergrenadier Squad
Selects Incendiary Bombing Run
John T H I C C
Milo
Trader Zoe
fleimeri
killall
jimmy82lao
0
0
Comments
sign in to comment!
No comments posted yet!